[Event "Early-Titled-Tuesday-Blitz-February-20-2024"]
[Site "Chess.com"]
[Date "2024.02.20"]
[Round "8"]
[White "Njal28"]
[Black "BilodeauA"]
[Result "1/2-1/2"]
[WhiteElo "2996"]
[BlackElo "3037"]
[TimeControl "180+1"]
[EndTime "9:32:09 PST"]
[Termination "Game drawn by repetition"]

1. d4 d5 2. Nf3 Nf6 3. e3 e6 4. c4 a6 5. cxd5 exd5 6. Nc3 Bd6 7.
Bd3 O-O 8. Qc2 Re8 9. O-O Nbd7 10. Bd2 Nf8 11. h3 Ng6 12. Ng5 c6 13. Rae1 Bd7 14.
f4 Rc8 15. e4 dxe4 16. Bc4 Nd5 17. f5 Nf8 18. Ngxe4 Bb8 19. Bxd5 cxd5 20. Nc5 Rxe1 21. Bxe1 Qc7 22. g4 Bc6 23. Qg2 b6 24. Nd3 Re8 25. Bd2 Qd8 26. Bf4 Nd7 27. g5 Bxf4 28. Nxf4 b5 29. b4 Nb6 30. g6 fxg6 31. fxg6 h6 32.
Nd3 Re6 33. Ne5 Be8 34. Qg4 Rf6 35. Rxf6 Qxf6 36. h4 Nc4 37. Qc8 Nd6 38. Qg4 Nc4 39. Nxd5 Qd6 40. Qc8 Kf8 41. Qf5+ Kg8 42. Nxc4 bxc4 43.
h5 c3 44. Qc8 Qg3+ 45. Kf1 Qf3+ 46. Kg1 Kf8 47. Qc5+ Kg8 48. Nxc3 Qg3+ 49. Kf1 Qf3+ 50. Ke1 Qe3+ 51. Kd1 Qf3+ 52. Kc1 Qf1+ 53. Kb2 Qf2+ 54.
Ka3 Qe3 55. Qc4+ Kf8 56. Qc5+ Kg8 57. d5 Qe5 58. Kb3 Bd7 59. d6 Be6+ 60. Ka3 Qf4 61. Qc7 Kh8 62. Qd8+ Bg8 63. Qc7 Qe3 64. Ka4 Qe6 65. Ka5 Qe3 66. Qc5 Qe6 67. Kb6 Qe8 68.
Nd5 a5 69. Nc7 Qb8+ 70. Kxa5 Qb7 71. b5 Qb8 72. b6 Qb7 73. Nb5 Qb8 74. Na7 Qb7 75.
a4 Qb8 76. d7 Qb7 77. Qc6 Qb8 78. Qc7 Qa8 79. Qc6 Qb8 80. Nb5 Qa8+ 81. Na7 Qb8 1/2-1/2

[Event "Early-Titled-Tuesday-Blitz-February-20-2024"]
[Site "Chess.com"]
[Date "2024.02.20"]
[Round "8"]
[White "ValentunHulka"]
[Black "LeninGuerra"]
[Result "1/2-1/2"]
[WhiteElo "2757"]
[BlackElo "2570"]
[TimeControl "180+1"]
[EndTime "9:32:15 PST"]
[Termination "Game drawn by repetition"]

1. e4 c5 2. Nf3 e6 3. d4 cxd4 4. Nxd4 Nc6 5. Nc3 Qc7 6. Qd3 a6 7. Nxc6 bxc6 8. Qg3 Qxg3 9. hxg3 d5 10. g4 Nf6 11. g5 Nxe4 12. Nxe4 dxe4 13. Rh4 h6 14.
Bd2 Rg8 15. gxh6 gxh6 16. Rxe4 c5 17. f3 Bb7 18. Rh4 Rg6 19. Kf2 Rd8 20. Be3 Bg7 21. Bd3 f5 22. Rah1 Bxb2 23. Rxh6 Rxh6 24. Rxh6 Kf7 25.
Bxc5 Bg7 26. Rh1 Rc8 27. Be3 Bd5 28. c4 Bc6 29. Ke2 Be5 30. Rb1 Rg8 31. Kf1 Bc7 32. c5 a5 33. Bb5 Rb8 34. a4 Bd5 35. Rd1 Kf6 36. Bd4+ Kg5 37. Be3+ Kf6 38. Kf2 Rg8 39. Rh1 Bg3+ 40. Kf1 Ke5 41. Rh7 Bf4 42. Bxf4+ Kxf4 43. c6 e5 44. c7 Bb7 45. Re7 e4 46. Re8 Rxe8 47.
Bxe8 Bc8 48. fxe4 fxe4 49. Bc6 Ke3 50. Ke1 Kd4 51. g4 Ke5 52. Kf2 Kf4 53. Ba8 e3+ 54. Ke2 Ba6+ 55. Ke1 Kxg4 56. Bd5 Bc8 57. Ke2 Kf4 58. Bc6 Ba6+ 59. Ke1 Bc8 60. Bb5 Ke5 61.
Ke2 Kd4 62. Bc6 Bg4+ 63. Ke1 Bc8 64. Ke2 Kc5 65. Bb5 Kd4 66. Ke1 Kc5 67. Be8 Kb6 68. Ke2 Kxc7 69. Kxe3 Kd6 70. Kd4 Bg4 71. Kc4 Bd1 72.
Kb5 Bxa4+ 73. Kxa4 Kc5 74. Bb5 Kb6 75. Bc6 Ka7 76. Bf3 Kb6 77. Bg2 Ka7 78. Bh1 Kb6 79.
Bf3 Ka7 80. Bg4 Kb6 81. Be6 Ka7 82. Bd5 Kb6 83. Bc4 Ka7 84. Be6 Kb6 85. Ba2 Ka7 86. Bb3 Kb6 87. Bc4 Ka7 88. Bd5 Kb6 89. Be6 Ka7 90.
Bf7 Kb6 91. Bg8 Ka7 92. Bh7 Kb6 93. Bg6 Ka7 94. Bf5 Kb6 95. Be4 Ka7 96. Bd3 Kb6 97.
Bc2 Ka7 98. Bb1 Kb6 99. Ba2 Ka7 100. Bb3 Kb6 101. Bc4 1/2-1/2

[Event "Early-Titled-Tuesday-Blitz-February-20-2024"]
[Site "Chess.com"]
[Date "2024.02.20"]
[Round "8"]
[White "alpope"]
[Black "Aygehovit1992"]
[Result "1/2-1/2"]
[WhiteElo "2521"]
[BlackElo "2679"]
[TimeControl "180+1"]
[EndTime "9:32:17 PST"]
[Termination "Game drawn by repetition"]

1. Nf3 Nf6 2. g3 b5 3. Bg2 Bb7 4. O-O e6 5. b3 c5 6. Bb2 Qc7 7. c4 bxc4 8. bxc4 Nc6 9. Nc3 Rd8 10. e3 Be7 11. d4 cxd4 12. exd4 Na5 13. c5 Nc4 14. Bc1 O-O 15. Re1 d6 16. Qa4 Bxf3 17. Bxf3 Nb6 18. Qa5 dxc5 19. Bf4 Qc8 20. Nb5 cxd4 21.
Rac1 Nc4 22. Qa4 Nd5 23. Qxc4 Nxf4 24. Qxc8 Rxc8 25. gxf4 Bc5 26. Be4 Bb6 27. Bd3 g6 28.
Nd6 Rc3 29. Rxc3 dxc3 30. Ne4 Rd8 31. Bc2 f5 32. Ng3 Rd2 33. Re2 Kf7 34. Rxd2 cxd2 35. Kf1 Kf6 36. Ke2 Ba5 37. Nf1 Bc7 38. Kf3 Ba5 39.
Ke3 h6 40. Nxd2 g5 41. fxg5+ hxg5 42. Nc4 Bc7 43. Ke2 Bxh2 44. Na5 Bc7 45. Nc6 Bb6 46. Bb3 g4 47. Nb4 e5 48. Nd3 e4 49. Nb4 Ke5 50. Nc6+ Kf6 51. a4 f4 52. Bd5 Kf5 53. a5 Bc5 54. a6 f3+ 55. Kf1 e3 56. fxe3 Bxe3 57. Nb4 Kf4 58. Nd3+ Kg3 59. Bb7 Bd4 60. Ne1 Kf4 61.
Bc6 Bc3 62. Nxf3 gxf3 63. Bb7 Ke3 64. Bc6 f2 65. Bb7 Bd4 66. Bc8 Kd2 67. Bb7 Kc3 68. Bf3 Kb4 69. Be2 Kc5 70. Bd3 Kb6 71. Be2 Ka5 72. Bd3 Ka4 73. Be2 Kb3 74. Bd3 Kc3 75. Bb5 Kd2 76. Be2 Ke3 77. Bb5 Bc5 78. Be2 Kd4 79.
Bb5 Bd6 80. Be2 Bg3 81. Bb5 Kc5 82. Be2 Kb4 83. Bd3 Kc3 84. Be2 Kd2 85. Bb5 Bh4 86. Be2 Kc3 87. Bb5 Kb4 88. Be2 Bg3 89. Bd3 Kc3 90. Be2 Kd2 91. Bb5 Kc3 92. Be2 1/2-1/2

[Event "Early-Titled-Tuesday-Blitz-February-20-2024"]
[Site "Chess.com"]
[Date "2024.02.20"]
[Round "8"]
[White "MyDream003"]
[Black "Sanan_Sjugirov"]
[Result "1-0"]
[WhiteElo "2750"]
[BlackElo "2891"]
[TimeControl "180+1"]
[EndTime "9:32:24 PST"]
[Termination "MyDream003 won on time"]

1. e4 c5 2. Nf3 Nc6 3. d4 cxd4 4. Nxd4 Nf6 5. Nc3 e5 6. Ndb5 d6 7. Bg5 a6 8. Na3 b5 9. Nd5 Be7 10. Bxf6 Bxf6 11. c3 Bg5 12. Nc2 Ne7 13. Ncb4 O-O 14. Nxe7+ Qxe7 15. Nd5 Qb7 16. Be2 Be6 17. h4 Bd8 18. Ne3 Bb6 19. Qd3 b4 20. c4 Bd4 21.
Rb1 Rac8 22. b3 Bc3+ 23. Kf1 Bd4 24. Bf3 Qa7 25. Re1 a5 26. g3 a4 27. Kg2 Ra8 28.
Re2 axb3 29. axb3 Bxe3 30. Rxe3 Qc5 31. Rd1 Ra6 32. Qe2 Rd8 33. Red3 Kf8 34. Bg4 Rd7 35. Bxe6 fxe6 36. Qh5 Rf7 37. Rf3 Rxf3 38. Qxf3+ Kg8 39. Qg4 Qc8 40. c5 dxc5 41. Qg5 Ra8 42. Qxe5 c4 43.
bxc4 b3 44. c5 Kh8 45. Rd2 h6 46. h5 Qc6 47. Kh2 Rc8 48. Qb2 Qb7 49. Qc3 Rb8 50. Rb2 Qc6 51. f3 Rc8 52. Rxb3 Qd7 53. Rb2 Qc7 54. Rc2 Qf7 55. g4 Qf4+ 56. Kg2 Rf8 57. c6 Qc7 58. Qd3 Rd8 59. Qc3 Rc8 60. Qc4 Qd6 61. c7 Kh7 62. Qc3 Kh8 63. e5 Qd7 64. Qc5 Qd3 65. Qc3 Qd7 66. Kg3 Kh7 67. Kh2 Kh8 68. Qc4 Kh7 69. Kg3 Kh8 70. Kg2 Qe7 71. Qc6 Qf7 72. Qd6 Qe8 73. Rd2 Kh7 74. Qd8 Qb5 75. Qxc8 Qb4 76. Qg8+ Kxg8 77. c8=Q+ Kh7 78.
Qc2+ 1-0

[Event "Early-Titled-Tuesday-Blitz-February-20-2024"]
[Site "Chess.com"]
[Date "2024.02.20"]
[Round "8"]
[White "Schachmalanders"]
[Black "wqws"]
[Result "0-1"]
[WhiteElo "2473"]
[BlackElo "2678"]
[TimeControl "180+1"]
[EndTime "9:32:25 PST"]
[Termination "wqws won by resignation"]

1. e4 e5 2. Nf3 Nc6 3. Bc4 Nf6 4. d3 Be7 5. O-O O-O 6. c3 d6 7. h3 Na5 8. Bb5 c5 9. Re1 a6 10. Ba4 b5 11. Bc2 Rb8 12. Nbd2 b4 13. Nf1 Be6 14.
Ng3 Qb6 15. Nf5 Rfe8 16. Nxe7+ Rxe7 17. d4 b3 18. axb3 Nxb3 19. Bxb3 Bxb3 20. Qd3 exd4 21. cxd4 c4 22. Qb1 h6 23. e5 dxe5 24. dxe5 Nd5 25. Qe4 Nb4 26. Be3 Qe6 27. Bc5 Nc2 28. Bxe7 Nxe1 29. Bd6 Nxf3+ 30. Qxf3 Re8 31. Rxa6 Qg6 32. Kh2 Bc2 33. Qg4 Qxg4 34. hxg4 Bd3 35. f4 c3 36.
Rb6 c2 37. Rc6 Ra8 38. Ba3 Ra4 39. Kg3 Bc4 40. b3 Bxb3 41. Bc1 Ra1 42. Be3 Ra2 43. f5 Bd5 44. Rc8+ Kh7 45. Bc1 Be4 46. e6 fxe6 47. fxe6 Ra7 48. Kf4 Bg6 49. Ke5 Ra1 50. Bb2 Re1+ 51.
Kd6 Rb1 52. Ba3 Rg1 53. e7 Rxg2 54. e8=Q Bxe8 55. Rxe8 Rxg4 56. Rc8 Rg2 57. Kd5 h5 58.
Ke4 h4 59. Kf3 h3 60. Rc4 g5 61. Rc7+ Kg6 62. Bd6 g4+ 63. Ke3 h2 64. Bxh2 Rxh2 65.
Kf4 Rg2 66. Rc6+ Kf7 67. Kf5 Ke7 68. Ke5 Kd7 69. Rc3 Rf2 70. Ke4 Ke6 71. Rc6+ Kf7 72. Kd3 Kg7 73. Ke3 Rg2 74. Kf4 Kf7 75. Ke5 Ke8 76.
Rc7 Kd8 77. Rc3 Kd7 78. Kd5 Rf2 79. Ke4 g3 80. Kd3 g2 81. Rxc2 Rxc2 82. Kxc2 g1=Q 0-1

[Event "Early-Titled-Tuesday-Blitz-February-20-2024"]
[Site "Chess.com"]
[Date "2024.02.20"]
[Round "8"]
[White "lachesisQ"]
[Black "klimkoj"]
[Result "1-0"]
[WhiteElo "3046"]
[BlackElo "2869"]
[TimeControl "180+1"]
[EndTime "9:32:26 PST"]
[Termination "lachesisQ won by resignation"]

1. e4 c5 2. Nf3 d6 3. d4 cxd4 4. Nxd4 Nf6 5. Nc3 a6 6. Bd3 g6 7. f3 e5 8. Nde2 Be6 9. O-O Nbd7 10. Kh1 Bg7 11. f4 exf4 12. Nxf4 Ne5 13. Nxe6 fxe6 14.
Ne2 O-O 15. Nf4 Qe7 16. Qe2 Nfd7 17. Be3 Rac8 18. Rad1 Nc5 19. b3 b5 20. h3 Nc6 21. Bg1 Be5 22. Qg4 Bxf4 23. Rxf4 Rxf4 24. Qxf4 Ne5 25. Be2 Nb7 26. Qd2 Qc7 27. Bd3 Nc5 28.
Bd4 Nexd3 29. cxd3 e5 30. Be3 Ne6 31. Qe2 Rf8 32. Rc1 Qd7 33. b4 d5 34. Qg4 d4 35.
Bh6 Re8 36. Rf1 Qe7 37. h4 Nd8 38. h5 Nf7 39. Bd2 Qe6 40. Qh4 Qe7 41. Rf6 Kg7 42.
h6+ Kg8 43. a3 Qd8 44. Qf2 Qd7 45. Rxa6 Qg4 46. Rf6 Nxh6 47. Bxh6 Qh5+ 48. Kg1 Qxh6 49. Qa2+ Kh8 50. g3 Rc8 51. Rf1 Qe3+ 52. Kh2 Qxd3 53. Qf7 Qe2+ 54. Rf2 Qh5+ 55. Kg2 Qg5 56. Qd7 Rg8 57.
Qxb5 Rd8 58. Qd3 Qe3 59. Rd2 Qe1 60. b5 Rf8 61. a4 Qa1 62. Qc4 Qe1 63. Qe2 Qa1 64.
Ra2 Qb1 65. Rb2 Qc1 66. b6 d3 67. Qd2 Qf1+ 68. Kh2 Qf3 69. b7 Rb8 70. Qg2 Qxg2+ 71. Kxg2 d2 72. Rxd2 Rxb7 73. Ra2 Ra7 74. a5 Ra6 75. Kf3 Kg7 76. Ke3 Kf6 77. Kd3 h5 78.
Kc4 g5 79. Kb5 Ra8 80. Rh2 Kg6 81. a6 Rd8 82. a7 g4 83. Kb6 1-0

[Event "Early-Titled-Tuesday-Blitz-February-20-2024"]
[Site "Chess.com"]
[Date "2024.02.20"]
[Round "8"]
[White "Manukyan_Artak"]
[Black "Arystanner"]
[Result "1/2-1/2"]
[WhiteElo "2559"]
[BlackElo "2753"]
[TimeControl "180+1"]
[EndTime "9:32:35 PST"]
[Termination "Game drawn - insufficient material"]

1. e4 c5 2. Nf3 e6 3. c3 d5 4. e5 d4 5. cxd4 cxd4 6. Bb5+ Bd7 7. Nxd4 Bxb5 8. Nxb5 Nc6 9. O-O a6 10. N5c3 Nxe5 11. d4 Nc6 12. d5 exd5 13. Nxd5 Bd6 14. Qg4 Be5 15. Nbc3 Nf6 16. Nxf6+ Qxf6 17. Nd5 Qg6 18. Qxg6 hxg6 19. Bf4 O-O-O 20. Bxe5 Nxe5 21. Rfd1 Kb8 22. Ne3 g5 23. h3 Nd3 24. Rd2 Nf4 25. Rad1 Rxd2 26. Rxd2 Kc7 27. Nd5+ Nxd5 28. Rxd5 f6 29.
Kf1 Rh4 30. f3 Rc4 31. Ke2 Kc6 32. Rd2 b5 33. b3 Rc1 34. Kd3 Kd5 35. Re2 Rg1 36. Kc3 a5 37. Kd3 b4 38. Rc2 g6 39.
Ke3 Re1+ 40. Kf2 Ra1 41. Ke3 f5 42. Kf2 Kd4 43. Ke2 Rg1 44. Kf2 Ra1 45. Ke2 f4 46. Rc4+ Kd5 47. Rc2 Ke6 48. Kd3 Kd5 49. Ke2 Rb1 50.
Rd2+ Kc5 51. Kd3 Re1 52. Re2 Rg1 53. Ke4 Kd6 54. Rd2+ Ke6 55. Kd4 Rc1 56. Ke4 Rc3 57. Kd4 Rc1 58. Ke4 Rc5 59. Kd3 Ke5 60. Re2+ Kd5 61. Re8 Rc3+ 62. Kd2 a4 63. Rd8+ Ke5 64. bxa4 Ra3 65. Re8+ Kf6 66. Rf8+ Ke7 67. Ra8 Rxa2+ 68. Kd3 Rxg2 69. Kc4 Rb2 70. a5 Kd6 71. Ra6+ Ke5 72. Rxg6 Rb1 73. Rxg5+ Kf6 74. Rb5 Rf1 75. Rxb4 Rxf3 76. a6 Ra3 77. Kb5 f3 78. Kb6 Ke5 79.
a7 f2 80. Rb1 Kf4 81. Kb7 Kg3 82. a8=Q Rxa8 83. Kxa8 Kxh3 84. Kb7 Kg2 85. Kc6 f1=Q 86.
Rxf1 Kxf1 1/2-1/2

[Event "Early-Titled-Tuesday-Blitz-February-20-2024"]
[Site "Chess.com"]
[Date "2024.02.20"]
[Round "8"]
[White "mishanick"]
[Black "CaspiIsrael"]
[Result "0-1"]
[WhiteElo "3018"]
[BlackElo "2737"]
[TimeControl "180+1"]
[EndTime "9:32:53 PST"]
[Termination "CaspiIsrael won by checkmate"]

1. d4 Nf6 2. c4 e6 3. Nc3 Bb4 4. e3 O-O 5. Bd3 d5 6. a3 Bxc3+ 7. bxc3 dxc4 8. Bxc4 c5 9. Ne2 Qc7 10. Qd3 Nc6 11. e4 Rd8 12. Ba2 cxd4 13. cxd4 Qb6 14.
Be3 Qa5+ 15. Bd2 Qh5 16. f3 Nxd4 17. Nxd4 e5 18. Be3 exd4 19. Bxd4 Qh4+ 20. g3 Qh3 21. Kf2 Be6 22. Qe3 Rac8 23. Bb1 Nh5 24. Bd3 Bc4 25. Bc2 Ba6 26. Bb3 Bc4 27. Bc2 Ba6 28. Bb3 Bc4 29. Rad1 b6 30. Bc2 Bf1 31. Rdxf1 Rxc2+ 32. Ke1 Qd7 33. Rf2 Rxf2 34. Kxf2 Qxd4 35. Qxd4 Rxd4 36. Rc1 Kf8 37.
Rc8+ Ke7 38. Rc7+ Rd7 39. Rc8 Nf6 40. Ke3 h6 41. h4 Ne8 42. g4 Rc7 43. Ra8 Rc3+ 44.
Kf4 Rxa3 45. g5 hxg5+ 46. hxg5 g6 47. Rb8 Rc3 48. Ke5 Rc5+ 49. Kf4 Rc7 50. Ke5 Rd7 51. f4 f6+ 52. gxf6+ Nxf6 53. f5 gxf5 54. Kxf5 Kf7 55. e5 Rd5 56. Rb7+ Nd7 57. Ke4 Rxe5+ 58. Kd4 Ke6 59.
Rxa7 Rd5+ 60. Kc4 Rc5+ 61. Kb4 Kd6 62. Ra8 Kc6 63. Rc8+ Kb7 64. Rd8 Ne5 65. Rh8 Nc6+ 66. Ka4 Ra5+ 67. Kb3 Rc5 68. Ka4 Rc4+ 69. Kb3 Rd4 70.
Rh6 b5 71. Rh8 Kb6 72. Kc3 Rc4+ 73. Kb3 Nd4+ 74. Ka3 b4+ 75. Ka4 b3+ 76. Ka3 Rc3 77. Rb8+ Kc7 78. Rb4 Rd3 79. Rc4+ Kd6 80. Rc8 Kd5 81.
Rd8+ Ke4 82. Re8+ Kf3 83. Re7 Nc2+ 84. Kb2 Nd4 85. Rd7 Ke3 86. Re7+ Kd2 87. Rd7 Kd1 88. Rd8 Rd2+ 89. Kb1 Ne2 90. Rc8 Rc2 91. Rd8+ Ke1 92. Ka1 Ra2+ 93. Kb1 Nc3+ 94. Kc1 Rc2# 0-1

[Event "Early-Titled-Tuesday-Blitz-February-20-2024"]
[Site "Chess.com"]
[Date "2024.02.20"]
[Round "8"]
[White "Eagle_2019"]
[Black "artooon"]
[Result "1-0"]
[WhiteElo "2899"]
[BlackElo "3037"]
[TimeControl "180+1"]
[EndTime "9:32:58 PST"]
[Termination "Eagle_2019 won by checkmate"]

1. c4 Nf6 2. Nc3 Nc6 3. g3 g6 4. Bg2 e5 5. Nf3 Bg7 6. O-O O-O 7. d4 exd4 8. Nxd4 Re8 9. Nc2 d6 10. b3 Be6 11. Bb2 Qc8 12. Nd5 Bxd5 13. cxd5 Ne5 14. h3 Nh5 15. Bd4 f5 16. Qd2 Rf8 17. Rac1 Qd7 18.
Ne1 Rae8 19. Qc3 Re7 20. Nf3 Nxf3+ 21. Bxf3 Bxd4 22. Qxd4 Nf6 23. Qxa7 f4 24. Kg2 fxg3 25. fxg3 b6 26. Qa6 Re5 27. Qc4 Rf7 28. a4 Rfe7 29.
Ra1 Kg7 30. b4 g5 31. a5 bxa5 32. bxa5 Qf5 33. a6 Nxd5 34. Kh2 Ne3 35. Qd4 g4 36. a7 gxf3 37. a8=Q Kg6 38. Qxf3 Nxf1+ 39. Rxf1 Rxe2+ 40. Kg1 Qxf3 41. Rxf3 Re1+ 42. Rf1 Rxf1+ 43. Kxf1 Re5 44. Qg4+ Kf6 45. Qh4+ Kg6 46. Qd8 Rf5+ 47. Kg2 Rf7 48. Qe8 Kg7 49. Qe6 h6 50. g4 Rf6 51.
Qe7+ Rf7 52. Qe6 Rf6 53. Qc4 Rf7 54. Kg3 Re7 55. Qd5 Re3+ 56. Kh4 Re5 57. Qc6 Re7 58. Qc3+ Kh7 59. Qd3+ Kg7 60. Kg3 Re5 61. h4 Re7 62. h5 Re6 63. Qc3+ Kh7 64. Qxc7+ Kg8 65. Kf4 Rf6+ 66.
Ke4 Rf7 67. Qxd6 Rg7 68. Kf4 Kh7 69. Qd3+ Kh8 70. Qd6 Kh7 71. Qe6 Ra7 72. Qf5+ Kg7 73. Qg6+ Kh8 74. Qxh6+ Kg8 75. Qe6+ Kh8 76. Qc8+ Kh7 77.
Qc2+ Kh8 78. Kg3 Ra8 79. Kh4 Rg8 80. Qc3+ Kh7 81. Qd3+ Kh8 82. g5 Rf8 83. Qd4+ Kh7 84. g6+ Kh6 85. Qe3+ Kg7 86. Qe7+ Kg8 87. Qh7# 1-0

[Event "Early-Titled-Tuesday-Blitz-February-20-2024"]
[Site "Chess.com"]
[Date "2024.02.20"]
[Round "8"]
[White "ChessQueen"]
[Black "Hikaru"]
[Result "0-1"]
[WhiteElo "2744"]
[BlackElo "3255"]
[TimeControl "180+1"]
[EndTime "9:33:19 PST"]
[Termination "Hikaru won by checkmate"]

1. e4 a5 2. d4 c6 3. d5 d6 4. c4 g6 5. Nc3 Bg7 6. Nf3 Na6 7. Be3 Nf6 8. Bd3 e5 9. h3 O-O 10. O-O Nh5 11. Na4 c5 12. Qd2 f5 13. Bg5 Qc7 14. exf5 gxf5 15. Be2 Nf6 16. Nc3 Bd7 17. Bh6 Qd8 18.
Qg5 Rf7 19. Nh4 Qf8 20. Nxf5 Bxf5 21. Bxg7 Qxg7 22. Qxf5 Nxd5 23. Qg4 Nf4 24. Bf3 Nb4 25. Rad1 Rd8 26. Ne4 Nbd3 27. b3 Kh8 28. Qxg7+ Rxg7 29. Kh2 d5 30. cxd5 Rxd5 31. g3 Ne6 32. Nc3 Rd4 33. Nb5 Rdd7 34. Bg4 Rge7 35. Bxe6 Rxe6 36. Rd2 e4 37. Rfd1 Rf7 38. Kg2 Ref6 39. Rf1 Rg6 40. Nc3 Re7 41. Nxe4 Nf4+ 42. Kf3 Nxh3 43. Nxc5 Rf7+ 44.
Kg2 Nf4+ 45. Kg1 h5 46. Rfd1 h4 47. Rd8+ Kg7 48. R1d7 hxg3 49. Rxf7+ Kxf7 50. fxg3 Rxg3+ 51. Kf2 Rc3 52. Nxb7 a4 53. bxa4 Ra3 54. Nc5 Kf6 55.
Rd4 Ke5 56. Re4+ Kf5 57. Rc4 Nd5 58. Ke2 Ke5 59. Kd2 Rxa2+ 60. Kc1 Ra3 61. Kb2 Rh3 62. a5 Kd6 63. Nb3 Nc7 64. Rd4+ Kc6 65. Rc4+ Kb7 66.
Nc5+ Ka7 67. Nb3 Nb5 68. Rc5 Nd6 69. Rc7+ Kb8 70. Rc6 Ne4 71. a6 Ka7 72. Nc5 Nd2 73. Kc2 Nc4 74. Rc7+ Kb6 75. Rb7+ Kxc5 76. a7 Ra3 77. Rc7+ Kb5 78. Rb7+ Kc6 79. Rb4 Nb6 80. Rb3 Rxa7 81. Rh3 Kc5 82. Rh5+ Kb4 83. Kd3 Rd7+ 84. Ke4 Nc4 85. Rh4 Re7+ 86. Kd5 Re5+ 87. Kc6 Rg5 88. Rf4 Rg6+ 89. Kd7 Kc5 90. Rf5+ Kd4 91. Rf1 Ne3 92. Re1 Ra6 93. Re2 Nf5 94. Re1 Kd5 95. Rd1+ Ke5 96.
Re1+ Kd5 97. Rd1+ Nd4 98. Ke7 Rh6 99. Kd7 Rh7+ 100. Kd8 Kc5 101. Ke8 Nf5 102. Rd2 Nd6+ 103. Kf8 Kc6 104. Kg8 Rd7 105. Rg2 Kd5 106. Rg7 Rd8+ 107. Kh7 Ne4 108. Ra7 Rd6 109. Kg7 Ke5 110. Ra5+ Kf4 111. Rb5 Ra6 112. Rb1 Ng3 113. Kf7 Ra7+ 114. Ke8 Ne2 115. Kd8 Ke5 116. Re1 Kd6 117. Rd1+ Kc6 118. Ke8 Nf4 119. Kf8 Ng6+ 120. Kg8 Ne5 121. Rc1+ Kd6 122. Rb1 Ke6 123. Rb6+ Kf5 124. Rb5 Re7 125. Kf8 Re6 126. Rb7 Kf6 127. Rb1 Ng6+ 128. Kg8 Re8+ 129. Kh7 Rh8# 0-1

[Event "Early-Titled-Tuesday-Blitz-February-20-2024"]
[Site "Chess.com"]
[Date "2024.02.20"]
[Round "8"]
[White "Lukianoo"]
[Black "Oleksandr_Bortnyk"]
[Result "0-1"]
[WhiteElo "2905"]
[BlackElo "3075"]
[TimeControl "180+1"]
[EndTime "9:33:50 PST"]
[Termination "Oleksandr_Bortnyk won by resignation"]

1. e4 Nf6 2. e5 Nd5 3. c4 Nb6 4. d4 d6 5. f4 dxe5 6. fxe5 Bf5 7. Nc3 e6 8. Nf3 Bb4 9. Be3 c5 10. Be2 O-O 11. O-O cxd4 12. Nxd4 Bg6 13.
Ndb5 N8d7 14. a3 Bxc3 15. Nxc3 Nxe5 16. Qb3 Qe7 17. Nb5 Nc8 18. Qb4 Nc6 19. Qc3 a6 20. Nd4 e5 21. Nxc6 bxc6 22. b4 Nd6 23. Rad1 Ne4 24.
Qc1 a5 25. Qb2 axb4 26. axb4 Rfb8 27. b5 cxb5 28. cxb5 Qa3 29. Bc1 Qc5+ 30. Kh1 Nf2+ 31. Rxf2 Qxf2 32. Rf1 Qc5 33. h4 h5 34. Bg5 Ra4 35.
Qd2 Qd4 36. Qxd4 exd4 37. Bf4 Rb7 38. Bf3 Rxb5 39. Bc6 Rbb4 40. Bxa4 Rxa4 41. Rd1 Bc2 42. Rd2 d3 43. g3 f6 44. Kg2 Kf7 45. Kf2 Ke6 46. Ke3 Kd5 47. Rf2 Ra2 48. Bc7 Ra7 49.
Bb6 Rb7 50. Ba5 Bb1 51. Kd2 Rb2+ 52. Ke3 Rb5 53. Bc3 Kc4 54. Kd2 Rb7 55. Rf4+ Kc5 56. Rf5+ Kd6 57. Rxh5 Ke6 58. Ra5 Kf7 59. g4 Re7 60. h5 Re2+ 61. Kd1 Bc2+ 62. Kc1 Rg2 63. Ra7+ Kg8 64. h6 gxh6 65. Bxf6 Rxg4 66. Ra5 Rg2 67. Bc3 Kf7 68. Bd2 Rg1+ 69. Kb2 Rh1 70. Ra6 h5 71.
Bg5 h4 72. Kc3 h3 73. Rh6 Kg7 74. Rh4 Kg6 75. Bd2 Kf5 76. Rf4+ Ke5 77. Rh4 Bb1 78.
Be3 Kf5 79. Bd2 Ke6 80. Rh6+ Kf7 81. Rh4 Ke7 82. Rh7+ Kd6 83. Rh6+ Kd5 84. Rh4 Bc2 85. Rd4+ Kc5 86. Rc4+ Kd5 87. Rh4 Rb1 88. Rh5+ Ke4 89. Rh4+ Kf3 90. Rxh3+ Kg2 91. Rh8 Rb3+ 92. Kd4 Kf3 93.
Re8 Rb7 94. Kc3 Rc7+ 95. Kb2 Kf2 96. Be3+ Kg2 97. Bd2 Ba4 98. Bc3 Rb7+ 99. Kc1 Kf3 100. Re5 Rh7 101. Kd2 Bc2 102. Re3+ Kg4 103. Re1 Rh2+ 104. Kc1 Bb3 105. Bd2 Rh5 106. Re4+ Kf5 107. Rd4 Rh1+ 108. Kb2 Bc2 109. Kc3 Rb1 110. Rf4+ Ke5 111. Rb4 Ra1 112. Bf4+ Kd5 113. Bd2 Ra3+ 114. Kb2 Ra8 115. Kc3 Rc8+ 116. Kb2 Bd1 117. Bc3 Be2 118. Rd4+ Ke6 119. Re4+ Kf5 120. Re7 Kg4 121. Kc1 Rxc3+ 122. Kd2 Rc2+ 123. Ke1 Bf3 124. Rd7 Be4 125. Rd4 Kf3 126. Kd1 Ke3 127. Ra4 Rg2 0-1

[Event "Early-Titled-Tuesday-Blitz-February-20-2024"]
[Site "Chess.com"]
[Date "2024.02.20"]
[Round "9"]
[White "dropstoneDP"]
[Black "PedroGil25"]
[Result "1-0"]
[WhiteElo "3006"]
[BlackElo "2515"]
[TimeControl "180+1"]
[EndTime "9:42:12 PST"]
[Termination "dropstoneDP won by resignation"]

1. e4 c5 2. Nf3 e6 3. d4 cxd4 4.
Nxd4 a6 5. Bd3 Bc5 6. Nb3 Be7 7. Qg4 g6 8. Qe2 d6 9. Nc3 Nd7 10. Bd2 Qc7 11. O-O-O b6 12. h4 Bb7 13. h5 O-O-O 14. hxg6 fxg6 15. Qg4 e5 16. Nd5 Bxd5 17. exd5 Kb7 18. Qa4 Ra8 19. Bxg6 Ngf6 20. Bf5 b5 21. Na5+ Ka7 22. Be3+ Nc5 23. Qb4 Rac8 24. Nc6+ Kb7 25.
Bxc8+ 1-0

[Event "Early-Titled-Tuesday-Blitz-February-20-2024"]
[Site "Chess.com"]
[Date "2024.02.20"]
[Round "9"]
[White "ContrVersia"]
[Black "Kildepiotr"]
[Result "1-0"]
[WhiteElo "2835"]
[BlackElo "2678"]
[TimeControl "180+1"]
[EndTime "9:42:34 PST"]
[Termination "ContrVersia won by resignation"]

1. Nf3 g6 2. d4 Bg7 3. c4 d6 4. g3 Nd7 5. Bg2 e5 6. Nc3 Ngf6 7. O-O O-O 8. e4 c6 9. h3 Re8 10.
Re1 exd4 11. Nxd4 Qb6 12. Re2 a5 13. Be3 Qb4 14. Rc2 Nc5 15. f3 Qxc4 16. Ncb5 Qd3 17. Qxd3 Nxd3 18. Nc7 Bd7 19. Nxa8 Rxa8 20. Rd2 Ne5 21. b3 a4 22. f4 Neg4 23. hxg4 Nxg4 24. Re1 1-0

[Event "Early-Titled-Tuesday-Blitz-February-20-2024"]
[Site "Chess.com"]
[Date "2024.02.20"]
[Round "9"]
[White "HeroWilczek"]
[Black "Ati1517"]
[Result "0-1"]
[WhiteElo "2452"]
[BlackElo "2257"]
[TimeControl "180+1"]
[EndTime "9:43:27 PST"]
[Termination "Ati1517 won by resignation"]

1. e4 c5 2. Nf3 d6 3. d4 cxd4 4. Nxd4 Nf6 5. Nc3 a6 6. Be2 e6 7.
O-O Be7 8. Be3 O-O 9. f4 Nc6 10. Kh1 e5 11. Nxc6 bxc6 12. fxe5 dxe5 13. Qe1 Be6 14.
Qg3 Qc7 15. Rad1 Rad8 16. b3 Rxd1 17. Rxd1 Kh8 18. Bxa6 Qa5 19. Bh6 gxh6 20. Be2 Rg8 21. Qe3 Qc5 22. Qxc5 Bxc5 23. a4 Bd4 24. Na2 Nxe4 0-1

[Event "Early-Titled-Tuesday-Blitz-February-20-2024"]
[Site "Chess.com"]
[Date "2024.02.20"]
[Round "9"]
[White "Bkmzzzzz"]
[Black "NovoselovRoman"]
[Result "1-0"]
[WhiteElo "2435"]
[BlackElo "2535"]
[TimeControl "180+1"]
[EndTime "9:43:40 PST"]
[Termination "Bkmzzzzz won by resignation"]

1. e4 e6 2. Nf3 d5 3. exd5 exd5 4.
d4 Nf6 5. Bd3 Bd6 6. O-O O-O 7.
c4 c6 8. Nc3 Bg4 9. h3 Bh5 10.
Bg5 dxc4 11. Bxc4 Nbd7 12. Re1 Bc7 13. Bb3 h6 14. Bh4 Ba5 15. g4 Bg6 16. Ne5 Nxe5 17. dxe5 Qxd1 18. Raxd1 Bxc3 19. bxc3 Ne4 20. Re3 Nc5 21.
f4 Be4 22. Be7 Nxb3 23. Bxf8 Bc2 24. Rd7 Na5 25. Bb4 Nc4 26. Re2 Ba4 27. Rxb7 Bb5 28. Re1 a5 29. Bc5 Rd8 30. Bd4 Nd2 31. Kf2 Bc4 32.
Rb2 1-0

[Event "Early-Titled-Tuesday-Blitz-February-20-2024"]
[Site "Chess.com"]
[Date "2024.02.20"]
[Round "9"]
[White "N_Mullodzhanov"]
[Black "Mikhail_Golubev"]
[Result "1-0"]
[WhiteElo "2489"]
[BlackElo "2627"]
[TimeControl "180+1"]
[EndTime "9:43:46 PST"]
[Termination "N_Mullodzhanov won by resignation"]

1. e4 c5 2. c3 d5 3. exd5 Nf6 4. Qa4+ Nbd7 5. Qb3 a6 6. Nf3 b5 7. c4 Rb8 8. cxb5 Bb7 9. Nc3 axb5 10. Bxb5 Nxd5 11.
Nxd5 e6 12. Nb6 Bxf3 13. Nxd7 1-0

[Event "Early-Titled-Tuesday-Blitz-February-20-2024"]
[Site "Chess.com"]
[Date "2024.02.20"]
[Round "9"]
[White "BardArtem"]
[Black "Kotlyar_K"]
[Result "1-0"]
[WhiteElo "2771"]
[BlackElo "2590"]
[TimeControl "180+1"]
[EndTime "9:44:01 PST"]
[Termination "BardArtem won by resignation"]

1. e4 e5 2. Nf3 Nc6 3. Bc4 Nf6 4. d3 Bc5 5. Nc3 O-O 6. h3 h6 7.
g4 Bb4 8. g5 hxg5 9. Bxg5 Be7 10. Rg1 d6 11. Nh4 Ng4 12. Bxe7 Qxe7 13. Rxg4 Bxg4 14.
Qxg4 Nb4 15. Ng6 Qf6 16. Qh5 Nxc2+ 17. Kd2 Qxf2+ 18. Ne2 Qe3+ 19. Kxc2 Qh6 20. Qxh6 gxh6 21. Nxf8 Kxf8 22. Rf1 1-0

[Event "Early-Titled-Tuesday-Blitz-February-20-2024"]
[Site "Chess.com"]
[Date "2024.02.20"]
[Round "9"]
[White "only_strong_moves"]
[Black "InitiatingASC"]
[Result "1-0"]
[WhiteElo "2632"]
[BlackElo "2399"]
[TimeControl "180+1"]
[EndTime "9:44:04 PST"]
[Termination "only_strong_moves won by resignation"]

1. e4 c5 2. Nf3 Nc6 3. d4 cxd4 4. Nxd4 Nf6 5. Nc3 e5 6. Ndb5 h6 7. Nd6+ Bxd6 8. Qxd6 Qe7 9. Qd1 O-O 10. Be2 Rd8 11.
O-O d6 12. f4 exf4 13. Rxf4 Ne5 14. Be3 Ng6 15. Rf3 Nxe4 16. Nxe4 Qxe4 17. Bd3 Qg4 18.
Qd2 Ne5 19. Rg3 Qh5 20. Be2 Qh4 21. Bxh6 g6 22. Bg5 1-0